AoeStats
← TheRemover

Arena

510734682Analyzed
1v1 RM · 19h ago on Oct 2, 2026· 40m 21s· 2 players
Game mode
Random Map
Map size
Tiny (2 player)
Population
200
Speed
Normal
Resources
Standard
Victory
Conquest
Starting age
Dark Age
Ending age
Imperial Age
RankedLock teamsTeams togetherTeam positionsShared explorationLock speedFull tech treeHidden civsTurbo modeCheats
Victory
Defeat
🇹🇷 Spanish · Türkiye
1099
+16
🇨🇱 Franks · Chile
1101
-16
Ryanbabel
10:46 Feudal Age
14:59 Castle Age
13:17 Double-Bit Axe
13:50 Horse Collar
16:11 Bow Saw
21:06 Heavy Plow
21:54 Fletching
24:53 Wheelbarrow
29:06 Imperial Age
31:39 Hand Cart
31:47 Bloodlines
31:57 Bodkin Arrow
32:03 Padded Archer Armor
32:09 Scale Barding Armor
33:12 Two-Man Saw
33:56 Pikeman
34:37 Squires
35:59 Elite Conquistador
37:50 Halberdier
38:16 Arson
38:17 Gambesons
38:53 Chain Barding Armor
38:49 Leather Archer Armor
38:35 Bracer
38:36 Scale Mail Armor
38:47 Forging
TheRemover
12:25 Feudal Age
16:27 Castle Age
14:26 Man-at-Arms
16:48 Loom
17:59 Double-Bit Axe
20:36 Wheelbarrow
26:44 Treadmill Crane
31:06 Imperial Age
30:16 Husbandry
30:18 Scale Mail Armor
30:31 Forging
31:41 Scale Barding Armor
32:12 Iron Casting
32:06 Hand Cart
33:42 Padded Archer Armor
33:32 Fletching
35:38 Chemistry
34:56 Leather Archer Armor
34:29 Cavalier
35:12 Elite Skirmisher
36:08 Bodkin Arrow
36:59 Chain Barding Armor
38:18 Ballistics
Connection lost

Rejoining the realm…

Still unreachable

The connection could not be restored.

Session expired

The server has moved on; the page needs a fresh start.